 Dungeon Crawl Stone Soup version 0.31-a0-1603-gbec6b6ccbf (webtiles) character file.

Game seed: 666910266098846768

403 DiggyJ the Trooper (level 6, -1/100 HPs)
             Began as an Oni Berserker on Jan 8, 2024.
             Was a Believer of Trog.
             Slain by Prince Ribbit (9 damage)
             ... on level 5 of the Dungeon.
             The game lasted 00:14:28 (3883 turns).

DiggyJ the Trooper (Oni Berserker)                  Turns: 3883, Time: 00:14:28

Health: -1/100     AC:  0    Str: 30    XL:     6   Next: 86%
Magic:  0/6        EV: 10    Int:  8    God:    Trog [**....]
Gold:   210        SH:  0    Dex:  8    Spells: 5/5 levels left

rFire   . . .        a - +0 hand axe
rCold   + . .        (no shield)
rNeg    . . .        v - +0 troll leather armour
rPois   .            (helmet restricted)
rElec   .            (no cloak)
rCorr   .            (gloves unavailable)
SInv    .            (boots unavailable)
Will    ++...        p - amulet of guardian spirit Stlth
                     r - +6 ring of strength
HPRegen 2.16/turn    q - ring of protection from cold
MPRegen 0.10/turn

%: guardian spirit
@: berserking, strong-willed (expiring), corroded, regenerating (expiring), very
quick
A: large, unfitting armour, horns 1, tough skin 1, double potion healing,
drunken brawling
a: Renounce Religion, Berserk, Trog's Hand


You were on level 5 of the Dungeon.
You worshipped Trog.
Trog was pleased with you.
You visited 1 branch of the dungeon, and saw 5 of its levels.

You collected 210 gold pieces.

Inventory:

Hand Weapons
 a - a +0 hand axe (weapon)
 f - a +0 war axe
 k - a +3 spear
Missiles
 c - 11 poisoned darts (quivered)
Armour
 b - a +0 animal skin
 j - a +0 leather armour
 v - a +0 troll leather armour (worn)
Jewellery
 d - a +6 ring of intelligence
 g - a ring of positive energy
 m - a +6 ring of dexterity
 p - an amulet of guardian spirit (around neck)
 q - a ring of protection from cold (right hand)
 r - a +6 ring of strength (left hand)
Wands
 o - a wand of polymorph (8)
Scrolls
 h - 2 scrolls of poison
 i - a scroll of enchant weapon
 l - 2 scrolls of vulnerability
 s - a scroll of brand weapon
 u - a scroll of noise
 w - a scroll of fear {unknown}
 x - a scroll of fog
Potions
 e - a potion of degeneration
 n - a potion of enlightenment
 t - a potion of cancellation {unknown}
 z - a potion of haste {unknown}
 A - a potion of curing {unknown}
 B - a potion of magic {unknown}


   Skills:
 + Level 5.7 Fighting
 + Level 5.5 Axes
 + Level 1.2 Armour
 + Level 3.7 Dodging
 - Level 1.1 Stealth


You had 5 spell levels left.
You didn't know any spells.
Your spell library contained the following spells:

 Spells                   Type           Power      Damage    Failure   Level
 Summon Ice Beast         Ice/Summ       0%         N/A       82%         3
 Summon Mana Viper        Hex/Summ       0%         N/A       100%        5
 Monstrous Menagerie      Summ           0%         N/A       100%        7


Dungeon Overview and Level Annotations

Branches:
Dungeon (5/15)
 Temple: D:4-7

Altars:
Hepliaklqana
Nemelex Xobeh
The Shining One

Annotations:
D:5 Prince Ribbit


Innate Abilities, Weirdness & Mutations

You are too large for most types of armour.
You have a pair of small horns on your head.
You have tough skin. (AC +1)
You gain doubled healing and magic from potions.
Whenever you drink a healing potion, you attack all around you.


Message History

The jelly hits you.
You are splashed with acid!
You slash the jelly!
You kill the jelly!
Trog accepts your kill.
Prince Ribbit blinks!
You don't know any spells.
Your skin crawls.
You feel strong-willed. Prince Ribbit hits you!
You hit Prince Ribbit.
Prince Ribbit is lightly wounded.
Prince Ribbit blinks!
Prince Ribbit lets out a mournful croak.
Prince Ribbit hits you!
You slash Prince Ribbit!
Prince Ribbit is moderately wounded.
Prince Ribbit barely misses you. Prince Ribbit hits you!
You hit Prince Ribbit.
Prince Ribbit is heavily wounded.
Prince Ribbit closely misses you.
You hit Prince Ribbit but do no damage. Your headbutt misses Prince Ribbit.
Prince Ribbit is heavily wounded.
Prince Ribbit barely misses you. x2
You closely miss Prince Ribbit.
Prince Ribbit is heavily wounded.
Prince Ribbit barely misses you.
You closely miss Prince Ribbit.
Prince Ribbit is heavily wounded.
You feel the effects of Trog's Hand fading.
Prince Ribbit hits you!
* * * LOW HITPOINT WARNING * * *
Prince Ribbit hits you!
* * * LOW HITPOINT WARNING * * *
A red film seems to cover your vision as you go berserk!
You feel yourself moving faster!
You feel mighty! Prince Ribbit barely misses you.
You miss Prince Ribbit.
Prince Ribbit is heavily wounded.
Prince Ribbit hits you!
You die...

....
#####..>.####
#.<..........
#.###........
#.# .......
#.####.......
#............
#####........
#@F......
#......##
#.###### #.#
#.# #.# #.#
#.#


You could see Prince Ribbit.

Vanquished Creatures
  A black bear (D:4)
  A scorpion (D:3)
  A jelly (D:5)
  A sleepcap (D:4)
  2 iguanas (D:4)
  4 gnolls
  3 adders
  2 dart slugs
  2 orcs (D:4)
  8 ball pythons
  7 endoplasms
  4 giant cockroaches
  8 goblins
  6 hobgoblins
  4 jackals
  5 bats
  3 frilled lizards (D:2)
  6 kobolds
  8 rats
76 creatures vanquished.

Notes
Turn   | Place    | Note
-------+----------+-------------------------------------------
     0 | D:1      | DiggyJ the Oni Berserker began the quest for the Orb.
     0 | D:1      | Reached XP level 1. HP: 24/24 MP: 1/1
   124 | D:1      | Reached XP level 2. HP: 28/32 MP: 2/2
   638 | D:1      | Reached XP level 3. HP: 39/39 MP: 3/3
   878 | D:2      | Reached ** piety under Trog
  1189 | D:2      | Reached XP level 4. HP: 49/49 MP: 4/4
  1863 | D:3      | Found a hazy altar of Hepliaklqana.
  1871 | D:3      | Found a glowing golden altar of the Shining One.
  1974 | D:3      | Found a faded altar of an unknown god.
  2524 | D:3      | Noticed a scorpion
  2534 | D:3      | Killed a scorpion
  2535 | D:3      | Reached skill level 5 in Fighting
  2535 | D:3      | Reached skill level 1 in Stealth
  2535 | D:3      | Reached XP level 5. HP: 53/57 MP: 5/5
  3119 | D:4      | Found a sparkling altar of Nemelex Xobeh.
  3178 | D:4      | Reached XP level 6. HP: 55/66 MP: 4/6
  3263 | D:4      | Reached skill level 5 in Axes
  3320 | D:4      | Noticed a black bear
  3327 | D:4      | Killed a black bear
  3328 | D:4      | Reached skill level 1 in Armour
  3859 | D:5      | Entered Level 5 of the Dungeon
  3869 | D:5      | Noticed Prince Ribbit
  3881 | D:5      | HP: 3/67 [Prince Ribbit (13)]
  3883 | D:5      | Slain by Prince Ribbit

Illustrated notes

Levels and vault maps discovered:
D:1:      elethiomel_arrival_fortress_basement, layout_basic,
          nicolae_concentric_dashed_squares_mild, chequers_mini_garden
D:2:      layout_basic
D:3:      layout_loops_ring, grunt_temple_overflow_open,
          shapermc_ecumenical_altar_acropolis, minmay_misc_feat_nine_boxes,
          minmay_randomly_rotated_circles
D:4:      layout_layer_cave, nemelex_dance_club_becter
D:5:      layout_basic, general_overflow_altar,
          minmay_temple_entry_glassed_door, minmay_misc_feat_plants,
          uniq_menkaure, uniq_prince_ribbit1, uniq_grinder

Skill      XL: |  1  2  3  4  5  6 |
---------------+-------------------+-----
Dodging        | 3 |  3.7
Axes           | 4 5 |  5.5
Fighting       | 5 |  5.7
Stealth        | 1 |  1.1
Armour         | 1 |  1.2

Action                     |  1- 3 |  4- 6 || total
---------------------------+-------+-------++-------
  Melee: Hand axe          |    78 |   119 ||   197
         Headbutt          |    12 |    11 ||    23
         Punch             |     1 |     2 ||     3
 Invoke: Berserk           |       |     3 ||     3
         Trog's Hand       |       |     1 ||     1
    Use: Scroll            |     4 |     5 ||     9
         Potion            |     4 |       ||     4
   Stab: Sleeping          |       |     1 ||     1
 Armour: Animal skin       |    57 |    30 ||    87
         Troll leather arm |       |    49 ||    49
  Dodge: Dodged            |    47 |    71 ||   118

Table legend: (Time is in decaauts)
 A = Elapsed time spent in this place.
 B = Non-inter-level travel time spent in this place.
 C = Inter-level travel time spent in this place.
 D = Time resting spent in this place.
 E = Time spent auto-exploring this place.
 F = Levels seen in this place.
 G = Mean time per level.
                   A        B        C        D        E       F      G
               +--------+--------+--------+--------+--------+-----+--------+
         Total |   3912 |   3812 |    100 |    200 |   2416 |   5 |  782.4 |
       Dungeon |   3912 |   3812 |    100 |    200 |   2416 |   5 |  782.4 |
               +--------+--------+--------+--------+--------+-----+--------+

Top non-repeatable levels by time:
     D:3: 1221 daAuts
     D:4: 952 daAuts
     D:1: 877 daAuts
     D:2: 837 daAuts
     D:5: 23 daAuts
